 Dungeon Crawl Stone Soup version 0.16.1-18-g436b03c (webtiles) character file.

151664 drasked the Severer (level 17, -9/171 HPs)
             Began as a Gargoyle Berserker on Apr 28, 2015.
             Was a High Priest of Trog.
             Killed from afar by a merfolk aquamancer (28 damage)
             ... with a shard of ice
             ... on level 5 of the Shoals.
             The game lasted 00:41:14 (33068 turns).

drasked the Severer (Gargoyle Berserker)           Turns: 33068, Time: 00:41:14

Health: -9/171     AC: 49    Str: 27    XL:     17   Next: 56%
Magic:  0/5        EV: 10    Int: 14    God:    Trog [*****.]
Gold:   0          SH:  0    Dex: 16    Spells: 0 memorised, 16 levels left

rFire  + . .     SeeInvis .     v - +8 battleaxe (antimagic)
rCold  + . .     Clarity  .     C - +7 chain mail of the Raven {rPois rCorr Str-5 Int+2 Dex+3}
rNeg   + + .     SustAb   .     (no shield)
rPois  ∞         Gourm    .     n - +2 helmet {Int+3}
rElec  +         Spirit   +     b - +1 cloak
rCorr  +         Warding  .     k - +2 pair of gloves
rMut   .         Stasis   .     h - +2 pair of boots
MR     +....                    u - amulet of guardian spirit
Stlth  ..........               t - ring of protection from fire
                                B - ring "Crima" {rC+ rN+ Stlth-}

@: berserking, flying, very quick, somewhat resistant to hostile enchantments,
extremely unstealthy
A: able to fly continuously, big wings, yellow scales 1, agile 2, low mp 1,
negative energy resistance 1, electricity resistance, unbreathing, petrification
resistance, rot immunity, AC +12
a: Stop Flying, Burn Spellbooks, Berserk, Trog's Hand, Brothers in Arms,
Renounce Religion


You were on level 5 of the Shoals.
You worshipped Trog.
Trog was extremely pleased with you.
You were not hungry.

You visited 4 branches of the dungeon, and saw 31 of its levels.


Innate Abilities, Weirdness & Mutations

You are resistant to torment.
You are immune to poison.
You can fly continuously.
Your stone body is very resilient (AC +12).
Your wings are large and strong.
You resist negative energy.
You are resistant to electric shocks.
You can survive without breathing.
You are immune to petrification.
You are immune to rotting.
You are partially covered in yellow scales (AC +2).
You are very agile. (Dex +4)
Your magical capacity is low (-10% MP).


   Skills:
 + Level 15.7 Fighting
 - Level 20.0 Axes
 - Level 15.7 Armour
 - Level 1.5 Dodging


You had 16 spell levels left.
You didn't know any spells.

Inventory:

Hand weapons
 v - a +8 antimagic battleaxe (weapon)
Armour
 b - a +1 cloak (worn)
 h - a +2 pair of boots (worn)
 k - a +2 pair of gloves (worn)
 n - a +2 helmet of intelligence (worn)
 C - the +7 chain mail of the Raven (worn) {rPois rCorr Str-5 Int+2 Dex+3}
   (You found it on level 5 of the Lair of Beasts)

   It affects your strength (-5).
   It affects your intelligence (+2).
   It affects your dexterity (+3).
   It protects you from poison.
   It protects you from acid and corrosion.
Jewellery
 r - an uncursed ring of ice
 t - a ring of protection from fire (right hand)
 u - an amulet of guardian spirit (around neck)
 y - an uncursed amulet of clarity
 z - an uncursed ring of positive energy
 B - the ring "Crima" (left hand) {rC+ rN+ Stlth-}
   (You found it on level 2 of the Shoals)

   [ring of loudness]

   It protects you from cold.
   It protects you from negative energy.
   It makes you less stealthy.
 D - an uncursed ring of protection from cold
 F - an uncursed ring of protection from magic
 Y - an uncursed ring of protection from cold
Scrolls
 m - 6 scrolls of recharging
 o - 2 scrolls of teleportation
 s - 3 scrolls of remove curse
 A - 7 scrolls of identify
 G - a scroll of holy word
Potions
 a - 5 potions of might
 f - 3 potions of resistance
 g - 4 potions of haste
 l - a potion of cancellation
 q - 7 potions of curing
 w - 10 potions of restore abilities
Comestibles
 c - 7 bread rations
 d - 8 royal jellies
 j - 11 meat rations
 x - 7 beef jerkies

Dungeon Overview and Level Annotations

Branches:
Dungeon (15/15)            Temple (0/1) D:7            Lair (8/8) D:9
 Shoals (5/5) Lair:4        Snake (0/5) Lair:5        Slime (0/6) Lair:8
    Orc (3/4) D:12            Elf (0/3) Orc:3        Vaults (0/5) D:13
 Depths (0/5) D:15

Altars:
Ashenzari
Cheibriados
Makhleb
Nemelex Xobeh
Okawaru
Ru
Sif Muna
Trog
Zin
Beogh
Jiyva

Shops:
D:4 ?   D:14 *:?(

Annotations:
Shoals:5 Ilsuiw


Message History

The merfolk aquamancer points at you and mumbles some strange words.
The great wave of water hits you!
You are knocked back by the great wave of water.
The wave splashes down.
The merfolk aquamancer casts a spell at you.
The great wave of water hits you!
The wave splashes down.
The water elemental hits the plant!
For a moment, your mind becomes perfectly clear!
You are no longer entranced.
A merfolk comes into view. It is wielding a trident.
33068 ||| INVOKING Berserk.
A red film seems to cover your vision as you go berserk!
You feel yourself moving faster!
You feel mighty!
You feel somewhat more hungry.
Your deep troll bites the merfolk aquamancer.
Your deep troll claws the merfolk aquamancer!!
Your deep troll closely misses the merfolk aquamancer.
The siren hits the plant with a spear!
Ilsuiw hits you but does no damage.
The merfolk aquamancer casts a spell at you.
The shard of ice hits you! You partially resist.
You die...

~~~~~~~~~~~~~~~~~~~~~~~~~~~~~~
~~~~~~~~~~~~~~~~~~~~~~~~~~~~~
~~~~~~~~~~~~~~~~~~~..~~~~~~~
~~~~~~~~~~~~~~~~~~~....~~~~~~
~~~~~~~~~~mEP~~~~~~.......~~~~
~~~~~~~~~~~~~mE~~mmE....<....~~~~
~~~~~~~~~~~~~mmPmmH~.........~~~~
~~~.~..~~~~~~PPPPPmm...(...<..~~~
~~~....~~~~~mPP~@)mk..((.....~~~~
.......~~~~~~PPP~Tm..(.......~~~~
......PP~~~~PP##t##..........~~~~
....#.P..~~~~##~~~##~.......~~~~~
~..##...~P~~~#~~~~~#~~......~~~~~
.~....P~~P~~~#~~)~~#P~~~.~~~~~~~~
.~~.[.~~PP~~~#~~~~~#~PPP~~~~~~~~~
~.~~~~~~~~~~~##..~##~PPP~~~~~~~~~
~~...~~~~~~~~~#####~~~~~~~~~~~~~~


You could see Ilsuiw, an alligator snapping turtle, 3 merfolk impalers, 2
merfolk javelineers, 2 merfolk aquamancers, a wind drake, 3 merfolk, 3 water
elementals, 2 sirens, a harpy and a friendly deep troll (berserk).

Vanquished Creatures
  A kraken (Shoals:5)
  Rupert (Shoals:4)
  Roxanne (D:15)
  A dire elephant (Lair:7)
  3 merfolk impalers
  8 merfolk javelineers (Shoals:5)
  Fannar (D:12)
  3 hydras
  3 merfolk avatars
  Erica (Lair:6)
  A centaur warrior (D:13)
  A tengu warrior (D:15)
  5 merfolk aquamancers
  2 dancing weapons (D:13)
  2 satyrs
  13 death yaks
  Urug (D:12)
  2 unseen horrors
  9 sea snakes
  A death drake (shapeshifter) (D:15)
  6 hill giants
  An orc knight (D:15)
  19 harpies
  9 griffons
  9 manticores
  An orc sorcerer (Orc:2)
  10 fauns
  6 slime creatures
  7 water nymphs
  19 black mambas
  6 cyclopes
  An ugly thing (D:12)
  A gargoyle (D:14)
  10 drowned souls
  5 sirens
  14 elephants
  A naga mage (D:15)
  2 molten gargoyles (Lair:5)
  13 spiny frogs
  A torpor snail (Lair:4)
  8 fire drakes
  6 komodo dragons
  2 kobold demonologists (D:14)
  A spriggan druid (Lair:8)
  2 tengu conjurers
  30 merfolk
  A queen bee (D:10)
  4 trolls
  4 wind drakes
  8 polar bears
  12 blink frogs
  4 wandering mushrooms (Lair:6)
  4 ravens
  A raven (shapeshifter) (D:13)
  3 basilisks
  A two-headed ogre (D:15)
  A deep elf mage (D:12)
  A shadow (D:13)
  9 snapping turtles
  A trapdoor spider (D:14)
  8 water elementals
  3 wraiths
  10 spriggans (Lair:8)
  74 yaks
  3 wyverns
  3 redbacks (Lair:8)
  3 vampire mosquitoes (D:12)
  13 hippogriffs
  Grum (Orc:2)
  3 hungry ghosts
  4 swamp worms (Lair:3)
  22 wolves
  9 porcupines
  17 water moccasins
  2 ice beasts
  22 orc warriors
  A naga (Lair:5)
  12 black bears
  A boring beetle (D:9)
  8 sky beasts
  5 centaurs
  5 ogres
  17 crocodiles
  2 phantoms
  4 wasps
  A necrophage (D:8)
  19 giant frogs
  2 big kobolds
  Blork the orc (D:4)
  A water moccasin zombie (D:10)
  A wyvern zombie (D:14)
  A gnoll sergeant (D:12)
  3 scorpions
  2 wyvern skeletons
  11 wights
  2 electric eels
  A goliath beetle (D:7)
  6 crimson imps
  A giant frog zombie (D:8)
  38 killer bees
  5 centaur zombies
  A gnoll shaman (D:6)
  15 hounds
  5 lava snakes (Lair:5)
  16 orc priests
  3 giant frog skeletons
  7 centaur skeletons
  5 jellies
  26 orc wizards
  Natasha (thrice) (D:4)
  14 iguanas
  2 quasits
  A killer bee zombie (D:7)
  12 worker ants
  39 sheep
  Jessica (D:3)
  2 hound skeletons
  5 mummies
  2 worker ant zombies
  24 river rats (Lair:3)
  31 adders
  8 gnolls
  3 shadow imps
  A giant mite (D:3)
  2 white imps (D:4)
  14 worms
  An adder zombie (D:7)
  4 giant geckos
  5 oozes
  120 orcs
  3 bat skeletons
  A bat zombie (D:7)
  A giant cockroach (D:1)
  14 goblins
  23 hobgoblins
  8 jackals
  14 quokkas
  3 ball pythons
  19 bats
  A giant gecko skeleton (D:4)
  2 giant newts (D:1)
  25 kobolds
  17 rats
  12 fungi
  12 plants
1178 creatures vanquished.

Vanquished Creatures (collateral kills)
  Louise (Shoals:2)
  2 merfolk javelineers (Shoals:5)
  2 hydras
  The ghost of drasked the Severer, a powerful GrBe of Trog (Lair:1)
  The ghost of drasked the Cleaver, a powerful GrBe of Trog (Lair:1)
  6 death yaks
  A sea snake (Shoals:5)
  A cyclops (D:15)
  A manticore (D:15)
  A siren (Shoals:5)
  A kobold demonologist (D:15)
  3 merfolk
  A snapping turtle (Shoals:5)
  A blink frog (Lair:2)
  A swamp worm (Lair:3)
  A giant frog (Lair:7)
  A crimson imp (D:15)
  A worm (Lair:3)
  A white imp (D:15)
  An ufetubus (D:15)
29 creatures vanquished.

Vanquished Creatures (others)
  A wizard (D:6)
  14 drowned souls
  A troll (Lair:6)
  A two-headed ogre (Shoals:5)
  7 fungi
  13 plants
  4 tentacles (Shoals:5)
  23 tentacle segments (Shoals:5)
64 creatures vanquished.

Grand Total: 1271 creatures vanquished

Notes
Turn   | Place    | Note
--------------------------------------------------------------
     0 | D:1      | drasked, the Gargoyle Berserker, began the quest for the Orb.
     0 | D:1      | Reached XP level 1. HP: 14/14 MP: 1/1
     0 | D:1      | 0 ||| counter = 9
   128 | D:1      | Reached skill level 3 in Axes
   154 | D:1      | Reached XP level 2. HP: 17/19 MP: 2/2
   417 | D:1      | Acquired Trog's second power
   560 | D:1      | Reached XP level 3. HP: 23/23 MP: 3/3
   868 | D:1      | 868 ||| UPGRADING to chain mail.
   878 | D:1      | 878 ||| DROPPING +0 animal skin.
   879 | D:1      | 879 ||| UPGRADING to pair of runed boots.
   897 | D:1      | 897 ||| UPGRADING to runed ring mail.
   907 | D:1      | 907 ||| UPGRADING to +0 chain mail.
   917 | D:1      | 917 ||| READING scroll labeled MEXUAB HIGUPE.
   918 | D:1      | 918 ||| READING scroll labeled ZUWATRENWU.
   923 | D:1      | 923 ||| READING scroll labeled KLYNEUTYPIT.
   924 | D:1      | 924 ||| READING scroll labeled THRUAL JUNU.
   925 | D:1      | 925 ||| READING scroll labeled SMUNTA ROIKUWN.
   926 | D:1      | 926 ||| DRINKING 2 murky yellow potions.
   926 | D:1      | Gained mutation: You are agile. (Dex +2) [potion of mutation]
   926 | D:1      | Gained mutation: You evolve. [potion of mutation]
   926 | D:1      | Gained mutation: Your magical capacity is low (-10% MP). [potion of mutation]
   976 | D:2      | 976 ||| STAIRDANCE
   981 | D:2      | 981 ||| STAIRDANCE
  1000 | D:2      | 1000 ||| STAIRDANCE
  1009 | D:2      | 1009 ||| STAIRDANCE
  1011 | D:1      | Reached skill level 4 in Axes
  1022 | D:2      | 1022 ||| STAIRDANCE
  1026 | D:2      | 1026 ||| STAIRDANCE
  1134 | D:2      | Found an iron altar of Okawaru.
  1168 | D:2      | Reached XP level 4. HP: 24/28 MP: 3/3
  1389 | D:2      | 1389 ||| READING scroll labeled MEXILE PUMAPH.
  1390 | D:2      | 1390 ||| READING scroll labeled WIRUVA MUOJ.
  1391 | D:2      | 1391 ||| READING scroll labeled CLEHATO NECE.
  1392 | D:2      | 1392 ||| DRINKING 2 purple potions.
  1393 | D:2      | 1393 ||| READING 2 scrolls of identify.
  1393 | D:2      | 1393 ||| IDENTIFYING dented cameo amulet
  1394 | D:2      | 1394 ||| UPGRADING to amulet of resist corrosion.
  1732 | D:3      | 1732 ||| INVOKING Berserk.
  1734 | D:3      | Reached skill level 5 in Axes
  1734 | D:3      | Reached XP level 5. HP: 32/32 MP: 4/4
  1785 | D:3      | 1785 ||| EATING 2 slices of pizza.
  2080 | D:3      | Noticed Jessica
  2107 | D:3      | Killed Jessica
  2205 | D:3      | Found a sparkling altar of Nemelex Xobeh.
  2208 | D:3      | You fall through a shaft for 2 floors!
  2208 | D:5      | Entered Level 5 of the Dungeon
  2209 | D:5      | 2209 ||| Shafted from D:3 to D:5.
  2214 | D:5      | 2214 ||| INVOKING Berserk.
  2217 | D:5      | Reached skill level 6 in Axes
  2217 | D:5      | Reached XP level 6. HP: 37/37 MP: 5/5
  2277 | D:5      | 2277 ||| UPGRADING to war axe.
  2278 | D:5      | 2278 ||| DROPPING +0 hand axe.
  2311 | D:5      | Noticed an ogre
  2313 | D:5      | 2313 ||| INVOKING Berserk.
  2313 | D:5      | Found a snail-covered altar of Cheibriados.
  2315 | D:5      | Killed an ogre
  2386 | D:4      | 2386 ||| INVOKING Berserk.
  2387 | D:4      | Acquired Trog's third power
  2387 | D:4      | Reached XP level 7. HP: 27/41 MP: 6/6
  2573 | D:3      | 2573 ||| Successfully unshafted to D:3.
  2682 | D:3      | Reached skill level 7 in Axes
  2753 | D:3      | 2753 ||| UPGRADING to cloak.
  2758 | D:3      | 2758 ||| DROPPING +2 ring mail of fire resistance.
  2759 | D:3      | 2759 ||| UPGRADING to plate armour.
  2769 | D:3      | 2769 ||| DROPPING +0 chain mail.
  2770 | D:3      | 2770 ||| READING scroll labeled DESU XAFUGGY.
  2771 | D:3      | 2771 ||| READING 2 scrolls of identify.
  2771 | D:3      | 2771 ||| IDENTIFYING small marble ring
  2772 | D:3      | 2772 ||| UPGRADING to ring of protection from cold.
  2836 | D:4      | 2836 ||| STAIRDANCE
  2892 | D:4      | Found Oqufour's Magic Scroll Boutique.
  2903 | D:4      | 2903 ||| READING 2 scrolls of identify.
  2903 | D:4      | 2903 ||| IDENTIFYING yellow potion
  2904 | D:4      | Noticed Blork the orc
  2905 | D:4      | Noticed Natasha
  2910 | D:4      | Killed Blork the orc
  2917 | D:4      | Killed Natasha
  3036 | D:4      | 3036 ||| INVOKING Berserk.
  3093 | D:4      | Found a sacrificial altar of Ru.
  3122 | D:4      | Noticed Natasha
  3126 | D:4      | Killed Natasha
  3176 | D:4      | Noticed Natasha
  3177 | D:4      | Found a burning altar of Makhleb.
  3188 | D:4      | Killed Natasha
  3431 | D:5      | Noticed a centaur
  3447 | D:5      | Killed a centaur
  3447 | D:5      | Reached skill level 3 in Armour
  3577 | D:5      | Reached skill level 8 in Axes
  3578 | D:5      | Reached XP level 8. HP: 46/48 MP: 7/7
  3682 | D:5      | 3682 ||| INVOKING Berserk.
  4226 | D:5      | 4226 ||| EATING slice of pizza.
  4239 | D:5      | 4239 ||| UPGRADING to encrusted bronze ring.
  4240 | D:5      | 4240 ||| READING 2 scrolls of remove curse.
  4241 | D:5      | 4241 ||| REMOVING -2 ring of strength.
  4242 | D:5      | 4242 ||| DROPPING -2 ring of strength.
  4243 | D:5      | 4243 ||| READING scroll labeled GRUOSA SHRUEHIU.
  4244 | D:5      | 4244 ||| READING scroll labeled ATO BUGUGU.
  4281 | D:5      | 4281 ||| READING 5 scrolls of identify.
  4281 | D:5      | 4281 ||| IDENTIFYING metallic green potion
  4282 | D:5      | 4282 ||| READING 4 scrolls of identify.
  4282 | D:5      | 4282 ||| IDENTIFYING bubbling purple potion
  4283 | D:5      | 4283 ||| READING 3 scrolls of identify.
  4283 | D:5      | 4283 ||| IDENTIFYING sedimented inky potion
  4284 | D:5      | 4284 ||| READING 2 scrolls of identify.
  4284 | D:5      | 4284 ||| IDENTIFYING bubbling orange potion
  4354 | D:6      | 4354 ||| STAIRDANCE
  4389 | D:6      | 4389 ||| INVOKING Berserk.
  4615 | D:6      | Reached skill level 9 in Axes
  4659 | D:6      | Gained mutation: You are very agile. (Dex +4) [evolution]
  4659 | D:6      | Lost mutation: You evolve. [end of evolution]
  4670 | D:6      | 4670 ||| INVOKING Berserk.
  4889 | D:6      | Found a bloodstained altar of Trog.
  4889 | D:6      | Noticed a wizard
  4890 | D:6      | 4890 ||| INVOKING Trog's Hand.
  4896 | D:6      | Killed a wizard
  5157 | D:6      | 5157 ||| INVOKING Berserk.
  5164 | D:6      | 5164 ||| EATING 2 fruits.
  5285 | D:6      | 5285 ||| READING scroll labeled WAEPTO NUOSEY.
  5286 | D:6      | 5286 ||| READING 3 scrolls of identify.
  5286 | D:6      | 5286 ||| IDENTIFYING orange potion
  5287 | D:6      | 5287 ||| READING 2 scrolls of identify.
  5287 | D:6      | 5287 ||| IDENTIFYING smoky golden potion
  5322 | D:7      | 5322 ||| STAIRDANCE
  5332 | D:6      | Reached XP level 9. HP: 36/53 MP: 8/8
  5410 | D:7      | 5410 ||| STAIRDANCE
  5424 | D:6      | 5424 ||| INVOKING Berserk.
  5427 | D:6      | Reached skill level 10 in Axes
  5548 | D:7      | 5548 ||| STAIRDANCE
  5563 | D:7      | 5563 ||| STAIRDANCE
  5576 | D:7      | 5576 ||| STAIRDANCE
  5647 | D:7      | 5647 ||| INVOKING Berserk.
  5682 | D:7      | 5682 ||| EATING fruit.
  5964 | D:7      | Found a shattered altar of Ashenzari.
  5991 | D:7      | 5991 ||| INVOKING Berserk.
  5992 | D:7      | Found a viscous altar of Jiyva.
  6054 | D:7      | 6054 ||| EATING 2 beef jerkies.
  6136 | D:7      | Reached skill level 11 in Axes
  6151 | D:7      | 6151 ||| UPGRADING to battleaxe.
  6152 | D:7      | 6152 ||| DROPPING +0 war axe.
  6391 | D:7      | 6391 ||| INVOKING Berserk.
  6480 | D:7      | 6480 ||| EATING beef jerky.
  6491 | D:7      | Found a staircase to the Ecumenical Temple.
  6554 | D:7      | 6554 ||| READING 2 scrolls labeled CUULOA SHINY.
  6555 | D:7      | 6555 ||| READING 3 scrolls of identify.
  6555 | D:7      | 6555 ||| IDENTIFYING triangular sapphire amulet
  6556 | D:7      | 6556 ||| UPGRADING to amulet of guardian spirit.
  6558 | D:7      | 6558 ||| READING 2 scrolls of identify.
  6558 | D:7      | 6558 ||| IDENTIFYING knobbly silver ring
  6559 | D:7      | 6559 ||| DROPPING cursed -3 ring of protection.
  6597 | D:8      | 6597 ||| STAIRDANCE
  6599 | D:7      | 6599 ||| INVOKING Berserk.
  6640 | D:7      | 6640 ||| EATING 4 bread rations.
  6645 | D:8      | 6645 ||| STAIRDANCE
  6764 | D:8      | 6764 ||| INVOKING Berserk.
  6778 | D:8      | HP: 12/82 [orc priest/divine providence (10)]
  7026 | D:8      | 7026 ||| READING scroll of enchant armour.
  7026 | D:8      | 7026 ||| ENCHANTING +1 pair of boots.
  7107 | D:8      | Reached skill level 6 in Fighting
  7107 | D:8      | Reached XP level 10. HP: 60/60 MP: 9/9
  7115 | D:8      | Found a deep blue altar of Sif Muna.
  7341 | D:8      | Reached skill level 12 in Axes
  7488 | D:9      | 7488 ||| INVOKING Berserk.
  7511 | D:9      | 7511 ||| EATING royal jelly.
  7653 | D:9      | 7653 ||| INVOKING Berserk.
  7691 | D:9      | 7691 ||| EATING 5 bread rations.
  7907 | D:9      | 7907 ||| INVOKING Berserk.
  8000 | D:9      | Found a staircase to the Lair.
  8064 | D:9      | 8064 ||| INVOKING Berserk.
  8479 | D:9      | 8479 ||| INVOKING Berserk.
  8481 | D:9      | Reached skill level 13 in Axes
  8493 | D:9      | 8493 ||| EATING 3 fruits.
  8803 | D:9      | Found an iron altar of Okawaru.
  8885 | D:9      | 8885 ||| READING scroll labeled KLEWIAXINN.
  8886 | D:9      | 8886 ||| DRINKING 2 sedimented pink potions.
  8887 | D:9      | 8887 ||| READING 4 scrolls of identify.
  8887 | D:9      | 8887 ||| IDENTIFYING sedimented sapphire potion
  8888 | D:9      | 8888 ||| READING 3 scrolls of identify.
  8888 | D:9      | 8888 ||| IDENTIFYING golden potion
  8889 | D:9      | 8889 ||| READING 2 scrolls of identify.
  8889 | D:9      | 8889 ||| IDENTIFYING green potion
  8890 | D:9      | 8890 ||| DRINKING potion of beneficial mutation.
  8890 | D:9      | Gained mutation: You are partially covered in yellow scales (AC +2). [potion of beneficial mutation]
  8944 | Lair:1   | Entered Level 1 of the Lair of Beasts
  8945 | Lair:1   | 8945 ||| Entered L.
  8947 | Lair:1   | 8947 ||| STAIRDANCE
  8956 | D:9      | Received a gift from Trog
  9034 | Lair:1   | Reached XP level 11. HP: 67/67 MP: 9/9
  9155 | Lair:1   | Noticed drasked's ghost (powerful GrBe)
  9156 | Lair:1   | 9156 ||| INVOKING Brothers in Arms.
  9159 | Lair:1   | 9159 ||| INVOKING Berserk.
  9170 | Lair:1   | Killed drasked's ghost
  9299 | Lair:1   | 9299 ||| READING scroll of enchant armour.
  9299 | Lair:1   | 9299 ||| ENCHANTING +0 cloak.
  9379 | Lair:1   | 9379 ||| INVOKING Berserk.
  9383 | Lair:1   | Reached skill level 14 in Axes
  9508 | Lair:1   | Found a frozen archway.
  9598 | Lair:1   | 9598 ||| INVOKING Berserk.
  9706 | Lair:1   | Noticed drasked's ghost (powerful GrBe)
  9706 | Lair:1   | 9706 ||| INVOKING Brothers in Arms.
  9709 | Lair:1   | 9709 ||| INVOKING Berserk.
  9712 | Lair:1   | Killed drasked's ghost
  9756 | Lair:1   | 9756 ||| EATING 22 fruits.
  9814 | Lair:1   | 9814 ||| INVOKING Berserk.
  9823 | Lair:1   | 9823 ||| EATING 21 fruits.
 10179 | Lair:1   | 10179 ||| READING scroll labeled OPHOL NAUMI.
 10180 | Lair:1   | 10180 ||| READING scroll of identify.
 10180 | Lair:1   | 10180 ||| IDENTIFYING dented diamond amulet
 10181 | Lair:1   | 10181 ||| DROPPING amulet of resist corrosion.
 10235 | Lair:2   | 10235 ||| STAIRDANCE
 10302 | Lair:2   | 10302 ||| INVOKING Berserk.
 10341 | Lair:2   | 10341 ||| EATING 20 fruits.
 10650 | Lair:2   | 10650 ||| INVOKING Berserk.
 10653 | Lair:2   | Reached skill level 15 in Axes
 10661 | Lair:2   | 10661 ||| EATING 19 fruits.
 10756 | Lair:2   | 10756 ||| INVOKING Berserk.
 10820 | Lair:2   | 10820 ||| INVOKING Brothers in Arms.
 10822 | Lair:2   | 10822 ||| EATING 18 fruits.
 10955 | Lair:2   | Reached XP level 12. HP: 72/72 MP: 10/10
 10977 | Lair:2   | 10977 ||| Stepping ~*~*~tactically~*~*~ (water).
 11501 | Lair:2   | 11501 ||| EATING 17 fruits.
 11897 | Lair:3   | Received a gift from Trog
 11939 | Lair:3   | 11939 ||| Stepping randomly (disturbance).
 11942 | Lair:3   | 11942 ||| Stepping randomly (disturbance).
 11943 | Lair:3   | 11943 ||| INVOKING Berserk.
 12014 | Lair:3   | Noticed a death yak
 12015 | Lair:3   | Noticed a death yak
 12015 | Lair:3   | Noticed a death yak
 12015 | Lair:3   | 12015 ||| INVOKING Brothers in Arms.
 12016 | Lair:3   | 12016 ||| INVOKING Brothers in Arms.
 12017 | Lair:3   | Noticed a death yak
 12018 | Lair:3   | 12018 ||| INVOKING Berserk.
 12018 | Lair:3   | Noticed a death yak
 12019 | Lair:3   | Noticed a death yak
 12023 | Lair:3   | Killed a death yak
 12028 | Lair:3   | Killed a death yak
 12033 | Lair:3   | Killed a death yak
 12036 | Lair:3   | Killed a death yak
 12036 | Lair:3   | Reached skill level 16 in Axes
 12044 | Lair:3   | Killed a death yak
 12048 | Lair:3   | HP: 10/74 [death yak (9)]
 12049 | Lair:3   | 12049 ||| DRINKING 3 potions of heal wounds.
 12050 | Lair:3   | 12050 ||| DRINKING 2 potions of heal wounds.
 12053 | Lair:3   | 12053 ||| INVOKING Brothers in Arms.
 12058 | Lair:3   | Killed a death yak
 12261 | Lair:3   | 12261 ||| EATING 16 fruits.
 13061 | Lair:3   | 13061 ||| INVOKING Berserk.
 13076 | Lair:3   | 13076 ||| INVOKING Brothers in Arms.
 13077 | Lair:3   | 13077 ||| INVOKING Brothers in Arms.
 13099 | Lair:3   | 13099 ||| INVOKING Brothers in Arms.
 13101 | Lair:3   | 13101 ||| EATING 15 fruits.
 13259 | Lair:3   | 13259 ||| Stepping ~*~*~tactically~*~*~ (water).
 13307 | Lair:3   | 13307 ||| UPGRADING to pair of gloves.
 13312 | Lair:3   | 13312 ||| READING scroll labeled PHIPTI CRUUS.
 13312 | Lair:3   | Identified a scroll of acquirement
 13314 | Lair:3   | 13314 ||| UPGRADING to glowing helmet.
 13319 | Lair:3   | 13319 ||| READING 2 scrolls labeled QUNAAL MABBUT.
 13323 | Lair:3   | 13323 ||| Stepping randomly (disturbance).
 13324 | Lair:3   | 13324 ||| Stepping randomly (disturbance).
 13325 | Lair:3   | 13325 ||| Stepping randomly (disturbance).
 13326 | Lair:3   | 13326 ||| Stepping randomly (disturbance).
 13327 | Lair:3   | 13327 ||| Stepping randomly (disturbance).
 13328 | Lair:3   | 13328 ||| Stepping randomly (disturbance).
 13329 | Lair:3   | 13329 ||| Stepping randomly (disturbance).
 13331 | Lair:3   | 13331 ||| Stepping randomly (disturbance).
 13332 | Lair:3   | 13332 ||| Stepping randomly (disturbance).
 13333 | Lair:3   | 13333 ||| Stepping randomly (disturbance).
 13334 | Lair:3   | 13334 ||| Stepping randomly (disturbance).
 13335 | Lair:3   | 13335 ||| Stepping randomly (disturbance).
 13360 | Lair:4   | 13360 ||| STAIRDANCE
 13501 | Lair:4   | Found a staircase to the Shoals.
 13549 | Lair:4   | Noticed a six-headed hydra
 13549 | Lair:4   | 13549 ||| INVOKING Brothers in Arms.
 13550 | Lair:4   | 13550 ||| INVOKING Brothers in Arms.
 13552 | Lair:4   | 13552 ||| INVOKING Berserk.
 13556 | Lair:4   | Killed a ten-headed hydra
 13772 | Lair:4   | Reached skill level 17 in Axes
 13772 | Lair:4   | Reached XP level 13. HP: 63/79 MP: 7/11
 14301 | Lair:4   | Noticed a death yak
 14302 | Lair:4   | 14302 ||| INVOKING Brothers in Arms.
 14303 | Lair:4   | Noticed a death yak
 14303 | Lair:4   | Noticed a death yak
 14304 | Lair:4   | 14304 ||| INVOKING Berserk.
 14310 | Lair:4   | Killed a death yak
 14317 | Lair:4   | Killed a death yak
 14319 | Lair:4   | Killed a death yak
 14442 | Lair:4   | 14442 ||| READING scroll of enchant armour.
 14442 | Lair:4   | 14442 ||| ENCHANTING +0 pair of gloves.
 14701 | Lair:4   | Reached skill level 6 in Armour
 14893 | Lair:4   | Reached skill level 9 in Fighting
 15014 | Lair:4   | 15014 ||| UPGRADING to tourmaline ring.
 15187 | Lair:5   | 15187 ||| EATING 19 fruits.
 15342 | Lair:5   | 15342 ||| INVOKING Burn Spellbooks.
 15418 | Lair:5   | Got a polished chain mail
 15442 | Lair:5   | Reached skill level 18 in Axes
 15495 | Lair:5   | 15495 ||| INVOKING Berserk.
 15553 | Lair:5   | 15553 ||| INVOKING Brothers in Arms.
 15559 | Lair:5   | 15559 ||| EATING 18 fruits.
 15708 | Lair:5   | Found a staircase to the Snake Pit.
 16044 | Lair:5   | 16044 ||| INVOKING Brothers in Arms.
 16047 | Lair:5   | 16047 ||| INVOKING Berserk.
 16061 | Lair:5   | 16061 ||| EATING 17 fruits.
 16121 | Lair:5   | 16121 ||| EATING 16 fruits.
 16205 | Lair:5   | Gained mutation: Your wings are large and strong. [gargoyle growth]
 16205 | Lair:5   | Reached XP level 14. HP: 84/86 MP: 12/12
 16206 | Lair:5   | 16206 ||| INVOKING Fly.
 16206 | Lair:5   | 16206 ||| FLYING.
 16253 | Lair:5   | Received a gift from Trog
 16273 | Lair:5   | 16273 ||| UPGRADING to runed battleaxe {god gift}.
 16274 | Lair:5   | 16274 ||| DROPPING +1 battleaxe.
 16527 | Lair:5   | 16527 ||| INVOKING Brothers in Arms.
 16531 | Lair:5   | 16531 ||| INVOKING Berserk.
 16626 | Lair:5   | 16626 ||| UPGRADING to polished chain mail.
 16636 | Lair:5   | Identified the +7 chain mail of the Raven {rPois rCorr Str-5 Int+2 Dex+3} (You found it on level 5 of the Lair of Beasts)
 16636 | Lair:5   | 16636 ||| DROPPING +0 plate armour.
 16694 | Lair:6   | 16694 ||| INVOKING Burn Spellbooks.
 16898 | Lair:6   | 16898 ||| INVOKING Burn Spellbooks.
 16960 | Lair:6   | 16960 ||| INVOKING Brothers in Arms.
 16961 | Lair:6   | 16961 ||| INVOKING Berserk.
 16962 | Lair:6   | Noticed Erica
 16978 | Lair:6   | Killed Erica
 16978 | Lair:6   | Reached skill level 19 in Axes
 17005 | Lair:6   | 17005 ||| EATING 15 fruits.
 17155 | Lair:8   | Entered Level 8 of the Lair of Beasts
 17156 | Lair:8   | 17156 ||| Shafted from Lair:6 to Lair:8.
 17303 | Lair:8   | Received a gift from Trog
 17364 | Lair:8   | 17364 ||| UPGRADING to glowing broad axe {god gift}.
 17365 | Lair:8   | 17365 ||| UPGRADING to +4 battleaxe of venom.
 17366 | Lair:8   | 17366 ||| DROPPING +3 broad axe of freezing.
 17699 | Lair:7   | 17699 ||| INVOKING Brothers in Arms.
 17700 | Lair:7   | 17700 ||| INVOKING Berserk.
 17860 | Lair:6   | 17860 ||| Successfully unshafted to Lair:6.
 17916 | Lair:6   | Received a gift from Trog
 18083 | Lair:6   | 18083 ||| READING 2 scrolls of identify.
 18083 | Lair:6   | 18083 ||| IDENTIFYING smoky white potion
 18224 | Lair:7   | 18224 ||| INVOKING Berserk.
 18539 | Lair:8   | 18539 ||| Shafted from Lair:7 to Lair:8.
 18552 | Lair:7   | 18552 ||| Successfully unshafted to Lair:7.
 18737 | Lair:7   | 18737 ||| INVOKING Brothers in Arms.
 18740 | Lair:7   | 18740 ||| INVOKING Berserk.
 18743 | Lair:7   | Received a gift from Trog
 18743 | Lair:7   | Reached skill level 20 in Axes
 18753 | Lair:7   | 18753 ||| EATING 19 fruits.
 19085 | Lair:7   | 19085 ||| READING scroll labeled SCHATA STREN RIN.
 19316 | Lair:8   | Reached XP level 15. HP: 82/92 MP: 13/13
 19387 | Lair:8   | Found a viscous altar of Jiyva.
 19388 | Lair:8   | Found a staircase to the Slime Pits.
 19491 | Lair:8   | 19491 ||| INVOKING Berserk.
 19519 | Lair:8   | 19519 ||| EATING 18 fruits.
 20350 | D:9      | 20350 ||| UPGRADING to glowing broad axe {god gift}.
 20351 | D:9      | 20351 ||| UPGRADING to +4 battleaxe of venom.
 20352 | D:9      | 20352 ||| DROPPING +1 antimagic broad axe.
 20377 | D:10     | Entered Level 10 of the Dungeon
 20381 | D:10     | 20381 ||| STAIRDANCE
 20395 | D:10     | 20395 ||| INVOKING Burn Spellbooks.
 20594 | D:10     | 20594 ||| INVOKING Berserk.
 20596 | D:10     | Reached skill level 9 in Armour
 20632 | D:10     | 20632 ||| EATING 17 fruits.
 20688 | D:10     | 20688 ||| INVOKING Berserk.
 20711 | D:10     | Received a gift from Trog
 20721 | D:10     | 20721 ||| EATING 16 fruits.
 21150 | D:11     | 21150 ||| STAIRDANCE
 21617 | D:11     | 21617 ||| READING 4 scrolls of remove curse.
 21641 | D:11     | 21641 ||| INVOKING Burn Spellbooks.
 21657 | D:11     | 21657 ||| EATING 15 fruits.
 21837 | D:11     | 21837 ||| DRINKING 2 bubbling dark potions.
 21838 | D:11     | 21838 ||| READING 2 scrolls of identify.
 21838 | D:11     | 21838 ||| IDENTIFYING black potion
 21876 | D:12     | Noticed Fannar
 21890 | D:12     | Killed Fannar
 21920 | D:12     | 21920 ||| EATING 14 fruits.
 21925 | D:12     | 21925 ||| READING scroll of enchant weapon.
 21925 | D:12     | 21925 ||| ENCHANTING +4 battleaxe of venom.
 22077 | D:12     | Found a staircase to the Orcish Mines.
 22100 | D:12     | 22100 ||| READING scroll of enchant armour.
 22100 | D:12     | 22100 ||| ENCHANTING +1 pair of gloves.
 22254 | D:12     | Received a gift from Trog
 22389 | D:12     | Noticed Urug
 22405 | D:12     | Killed Urug
 22673 | D:12     | 22673 ||| UPGRADING to ring of ice.
 22675 | D:12     | 22675 ||| REMOVING ring of ice.
 22676 | D:12     | 22676 ||| UPGRADING to ring of protection from cold.
 22695 | Orc:1    | Entered Level 1 of the Orcish Mines
 22696 | Orc:1    | 22696 ||| Entered O.
 22696 | Orc:1    | 22696 ||| STAIRDANCE
 22701 | Orc:1    | 22701 ||| STAIRDANCE
 22709 | Orc:1    | 22709 ||| STAIRDANCE
 22820 | D:12     | 22820 ||| Invisible monster not found???
 22825 | Orc:1    | 22825 ||| STAIRDANCE
 22832 | Orc:1    | 22832 ||| STAIRDANCE
 23201 | Orc:2    | Noticed Grum
 23218 | Orc:2    | Killed Grum
 23253 | Orc:2    | Received a gift from Trog
 23346 | Orc:2    | 23346 ||| INVOKING Trog's Hand.
 23350 | Orc:2    | 23350 ||| INVOKING Berserk.
 23644 | Orc:3    | Found a staircase to the Elven Halls.
 23698 | Orc:3    | Found an iron altar of Okawaru.
 23905 | D:13     | 23905 ||| STAIRDANCE
 23916 | D:13     | 23916 ||| STAIRDANCE
 23953 | D:13     | Found a gate to the Vaults.
 24031 | D:13     | Found a roughly hewn altar of Beogh.
 24039 | D:13     | 24039 ||| INVOKING Berserk.
 24045 | D:13     | Received a gift from Trog
 24054 | D:13     | 24054 ||| EATING 13 fruits.
 24217 | D:13     | 24217 ||| UPGRADING to runed battleaxe {god gift}.
 24218 | D:13     | 24218 ||| DROPPING +5 battleaxe of venom.
 24235 | D:13     | 24235 ||| READING 3 scrolls of remove curse.
 24272 | D:13     | 24272 ||| READING scroll of enchant weapon.
 24272 | D:13     | 24272 ||| ENCHANTING +6 antimagic battleaxe.
 24690 | D:13     | 24690 ||| INVOKING Berserk.
 24940 | D:13     | 24940 ||| UPGRADING to knobbly iron ring.
 24942 | D:13     | 24942 ||| UPGRADING to ring of protection from cold.
 24962 | D:14     | Found Quadounk's Magic Scroll Boutique.
 25008 | D:14     | 25008 ||| EATING 12 fruits.
 25297 | D:14     | Found Guaw's Antique Weapon Shoppe.
 25327 | D:14     | Found a flickering gateway to a bazaar.
 25505 | D:14     | Found a glowing silver altar of Zin.
 25564 | D:14     | Found Ecwued's Book Shop.
 25600 | D:14     | Found Fawoud's Assorted Antiques.
 25683 | D:14     | 25683 ||| UPGRADING to glowing helmet.
 25693 | D:14     | 25693 ||| UPGRADING to +2 helmet of intelligence.
 25703 | D:14     | 25703 ||| DROPPING +1 helmet.
 25704 | D:14     | 25704 ||| READING scroll labeled BRALEC FAQEUTIANN.
 25729 | D:15     | Entered Level 15 of the Dungeon
 25730 | D:15     | 25730 ||| STAIRDANCE
 25738 | D:15     | 25738 ||| STAIRDANCE
 25745 | D:15     | 25745 ||| STAIRDANCE
 25945 | D:15     | 25945 ||| EATING 11 fruits.
 26040 | D:15     | Reached skill level 12 in Armour
 26144 | D:15     | Found a staircase to the Depths.
 26145 | D:15     | 26145 ||| INVOKING Brothers in Arms.
 26148 | D:15     | Reached skill level 12 in Fighting
 26167 | D:15     | 26167 ||| EATING 10 fruits.
 26229 | D:15     | Noticed Roxanne
 26230 | D:15     | 26230 ||| INVOKING Brothers in Arms.
 26235 | D:15     | Received a gift from Trog
 26254 | D:15     | 26254 ||| INVOKING Berserk.
 26258 | D:15     | Killed Roxanne
 26258 | D:15     | Reached XP level 16. HP: 96/101 MP: 2/14
 26266 | D:15     | 26266 ||| EATING 9 fruits.
 26343 | D:15     | 26343 ||| EATING 8 fruits.
 26363 | D:15     | 26363 ||| INVOKING Burn Spellbooks.
 26364 | D:15     | 26364 ||| INVOKING Burn Spellbooks.
 26366 | D:15     | 26366 ||| INVOKING Burn Spellbooks.
 26366 | D:15     | 26366 ||| UPGRADING to runed executioner's axe {god gift}.
 26367 | D:15     | 26367 ||| INVOKING Burn Spellbooks.
 26367 | D:15     | 26367 ||| UPGRADING to +7 antimagic battleaxe.
 26368 | D:15     | 26368 ||| INVOKING Burn Spellbooks.
 26368 | D:15     | 26368 ||| DROPPING +5 antimagic executioner's axe.
 26369 | D:15     | 26369 ||| INVOKING Burn Spellbooks.
 26378 | D:15     | 26378 ||| READING 5 scrolls of remove curse.
 26404 | D:15     | 26404 ||| READING 4 scrolls of remove curse.
 26547 | D:15     | 26547 ||| EATING 7 fruits.
 27078 | Lair:3   | 27078 ||| DROPPING tomahawk.
 27127 | Lair:6   | 27127 ||| EATING 6 fruits.
 27207 | Lair:8   | 27207 ||| STAIRDANCE
 27311 | Shoals:1 | Entered Level 1 of the Shoals
 27312 | Shoals:1 | 27312 ||| Entered A.
 27323 | Shoals:1 | 27323 ||| STAIRDANCE
 28081 | Shoals:1 | Received a gift from Trog
 28083 | Shoals:1 | 28083 ||| UPGRADING to runed battleaxe {god gift}.
 28084 | Shoals:1 | 28084 ||| UPGRADING to +7 antimagic battleaxe.
 28085 | Shoals:1 | 28085 ||| DROPPING +6 antimagic battleaxe.
 28582 | Shoals:2 | Got a steaming granite ring
 28626 | Shoals:2 | Noticed Louise
 28626 | Shoals:2 | 28626 ||| INVOKING Trog's Hand.
 28627 | Shoals:2 | 28627 ||| INVOKING Brothers in Arms.
 28632 | Shoals:2 | 28632 ||| INVOKING Berserk.
 28638 | Shoals:2 | Killed Louise
 28673 | Shoals:2 | 28673 ||| EATING 5 fruits.
 28783 | Shoals:2 | 28783 ||| EATING 4 fruits.
 28910 | Shoals:2 | 28910 ||| INVOKING Berserk.
 28920 | Shoals:2 | 28920 ||| EATING 3 fruits.
 29103 | Shoals:2 | 29103 ||| EATING 2 fruits.
 29804 | Shoals:2 | 29804 ||| UPGRADING to steaming granite ring.
 29805 | Shoals:2 | Identified the ring "Crima" {rC+ rN+ Stlth-} (You found it on level 2 of the Shoals)
 29806 | Shoals:2 | 29806 ||| UPGRADING to moonstone ring.
 29808 | Shoals:2 | 29808 ||| UPGRADING to ring of protection from cold.
 29810 | Shoals:2 | 29810 ||| UPGRADING to ring "Crima" {rC+ rN+ Stlth-}.
 29996 | Shoals:3 | 29996 ||| INVOKING Berserk.
 30012 | Shoals:3 | 30012 ||| EATING 5 fruits.
 30172 | Shoals:3 | 30172 ||| EATING 4 fruits.
 30180 | Shoals:3 | Received a gift from Trog
 30624 | Shoals:3 | 30624 ||| EATING 3 fruits.
 30915 | Shoals:3 | 30915 ||| UPGRADING to ring of protection from cold.
 30917 | Shoals:3 | 30917 ||| UPGRADING to ring "Crima" {rC+ rN+ Stlth-}.
 30936 | Shoals:4 | 30936 ||| STAIRDANCE
 31005 | Shoals:4 | 31005 ||| INVOKING Trog's Hand.
 31038 | Shoals:4 | 31038 ||| INVOKING Burn Spellbooks.
 31164 | Shoals:4 | Noticed Rupert
 31165 | Shoals:4 | 31165 ||| INVOKING Trog's Hand.
 31166 | Shoals:4 | 31166 ||| INVOKING Berserk.
 31174 | Shoals:4 | Killed Rupert
 31234 | Shoals:4 | Reached XP level 17. HP: 102/112 MP: 3/15
 31365 | Shoals:4 | 31365 ||| EATING 2 fruits.
 31512 | Shoals:4 | 31512 ||| READING scroll of enchant weapon.
 31512 | Shoals:4 | 31512 ||| ENCHANTING +7 antimagic battleaxe.
 31694 | Shoals:4 | 31694 ||| READING 7 scrolls of identify.
 31694 | Shoals:4 | 31694 ||| IDENTIFYING viscous dark potion
 31725 | Shoals:5 | Entered Level 5 of the Shoals
 31762 | Shoals:5 | 31762 ||| INVOKING Trog's Hand.
 31927 | Shoals:5 | 31927 ||| INVOKING Berserk.
 32111 | Shoals:5 | Reached skill level 15 in Armour
 32147 | Shoals:5 | Reached skill level 15 in Fighting
 32155 | Shoals:5 | Received a gift from Trog
 32172 | Shoals:5 | 32172 ||| INVOKING Berserk.
 32172 | Shoals:5 | HP: 33/169 [merfolk javelineer/steel javelin (12)]
 32182 | Shoals:5 | 32182 ||| EATING fruit.
 32315 | Shoals:5 | 32315 ||| READING 7 scrolls of teleportation.
 32321 | Shoals:5 | 32321 ||| EATING 3 slices of pizza.
 32507 | Shoals:5 | 32507 ||| INVOKING Burn Spellbooks.
 32594 | Shoals:5 | 32594 ||| INVOKING Brothers in Arms.
 32600 | Shoals:5 | HP: 19/113 [merfolk javelineer/steel javelin (18)]
 32601 | Shoals:5 | 32601 ||| DRINKING 4 potions of heal wounds.
 32605 | Shoals:5 | 32605 ||| DRINKING 3 potions of heal wounds.
 32617 | Shoals:5 | HP: 20/113 [merfolk javelineer/poisoned javelin (20)]
 32618 | Shoals:5 | 32618 ||| DRINKING 2 potions of heal wounds.
 32619 | Shoals:5 | 32619 ||| READING 6 scrolls of teleportation.
 32627 | Shoals:5 | 32627 ||| READING 5 scrolls of teleportation.
 32630 | Shoals:5 | Noticed Ilsuiw
 32634 | Shoals:5 | 32634 ||| READING 4 scrolls of teleportation.
 32684 | Shoals:5 | 32684 ||| READING 3 scrolls of teleportation.
 32689 | Shoals:5 | 32689 ||| EATING 2 slices of pizza.
 32998 | Shoals:5 | 32998 ||| EATING slice of pizza.
 33057 | Shoals:5 | 33057 ||| INVOKING Brothers in Arms.
 33064 | Shoals:5 | HP: 16/114 [wind drake/the air (15)]
 33065 | Shoals:5 | 33065 ||| DRINKING potion of heal wounds.
 33068 | Shoals:5 | 33068 ||| INVOKING Berserk.
 33068 | Shoals:5 | Killed from afar by a merfolk aquamancer

Vault maps used:
D:1:      dpeg_arrival_rhombi, st_stairs_13, minmay_bisected
D:2:      okawaru_gym_becter
D:3:      lemuel_crystal_altar, first_bread, uniq_jessica
D:4:      nicolae_ru_sacrificial_ziggurat, overflow_temple_1_default,
          serial_shops, nicolae_shop_statue_plus, uniq_natasha,
          uniq_blork_the_orc
D:5:      kennysheep_mini_moat
D:6:      trog_wizard
D:7:      evilmike_ruin_ashenzari, minmay_temple_entry_poolview, jiyva_altar_1
D:8:      nicolae_overflow_crystal_walls, dk_noncrumbling_2,
          serial_bayou_crossing
D:9:      erik_lair_boring, basic_altar
D:10:     david_nohive_1, minivault_24
D:12:     orc_0_dummy, uniq_fannar, uniq_urug
D:13:     erik_vaults_1, serial_bayou_ford_a
D:14:     serial_shops, bzr_entry_water, shop_fountains, nicolae_shop_stone,
          shop_fountains, shop, basic_altar, kennysheep_generic_room_5
D:15:     hangedman_depths_entry_try_elsewhere_first, minmay_misc_feat_room,
          bh_walls_and_bars, uniq_roxanne
Lair:1:   portal_ice_cave_entry_pillars_02, lemuel_fruit_tree,
          grunt_megastairs_4, infiniplex_staircase_pool
Lair:2:   serial_forest, infiniplex_forest_lined_3,
          infiniplex_forest_clump_curved, infiniplex_forest_straight_4,
          infiniplex_forest_end_3, infiniplex_forest_lined_room_,
          infiniplex_forest_pool, infiniplex_forest_clump_double,
          hangedman_lair_generics_rect
Lair:3:   serial_bayou_pond_d, grunt_forest_stairs_basic,
          hangedman_lair_unloving_vines, worms_lemuel, serial_bayou_shore_a
Lair:4:   shoals_dummy_entry
Lair:5:   cheibrodos_magma_flow, minmay_snake_entry_six_corridors
Lair:6:   fungi_pond_lemuel, st_stairs_10, uniq_erica
Lair:7:   beast_lair_carwin_large_2, serial_bayou_pond_d, minmay_lair_drake_nest
Lair:8:   minmay_lair_end_enchanted_forest, slime_altar_1, minivault_24
Shoals:2: uniq_louise
Shoals:4: uniq_rupert
Shoals:5: shoals_end_simple, shoal_ilsuiw
Orc:2:    uniq_grum
Orc:3:    basic_altar, nicolae_orc_pool_cavern

Action                   |  1- 3 |  4- 6 |  7- 9 | 10-12 | 13-15 | 16-18 || total
-------------------------+-------+-------+-------+-------+-------+-------++-------
Melee: Hand axe          |   132 |   156 |       |       |       |       ||   288
       War axe           |       |    20 |   314 |       |       |       ||   334
       Unarmed           |       |       |     6 |       |       |       ||     6
       Battleaxe         |       |       |    59 |   695 |  1627 |   794 ||  3175
Throw: Javelin           |       |    12 |    91 |    79 |   104 |    30 ||   316
       Tomahawk          |       |       |     8 |   147 |    24 |       ||   179
Invok: Berserk           |       |     4 |    11 |    17 |    15 |     7 ||    54
       Trog's Hand       |       |       |     1 |       |     1 |     4 ||     6
       Brothers in Arms  |       |       |       |     8 |     9 |     3 ||    20
       Burn Spellbooks   |       |       |       |       |     5 |     3 ||     8
 Abil: Fly               |       |       |       |       |     1 |       ||     1
  Use: Scroll            |     5 |     4 |    17 |     9 |    10 |     9 ||    54
       Potion            |     1 |     1 |       |     4 |     1 |     4 ||    11
 Stab: Distracted        |       |       |       |       |     1 |       ||     1
  Eat: Chunk             |     1 |     6 |    18 |    26 |    44 |    16 ||   111
       Pizza             |       |     1 |     1 |       |       |     3 ||     5
       Fruit             |       |       |     2 |     9 |    15 |    13 ||    39
       Beef jerky        |       |       |     2 |       |       |       ||     2
       Bread ration      |       |       |     1 |     1 |       |       ||     2
       Royal jelly       |       |       |       |     1 |       |       ||     1
